Map: Catalyst LE

Players

KaasGrater - Winner!

  • Race: Protoss Protoss
  • League: Diamond
  • Spawn Location: 11:00

A.I. 1 (Easy)

  • Race: Protoss Protoss
  • Spawn Location: 5:00

VOD

Have the link to the VOD?

Description

Time

  • Played on: July 26, 2018, 4:37 p.m.
  • Length: 5:51
Show
View Real Time Build Order
Export as new Build Order

KaasGrater Protoss - Winner!

Build Orders: Phoenix Opening 

Get SALT Encoding   

  12  0:00  Probe  
  13  0:13  Probe  
  14  0:18  Pylon  
  14  0:25  Probe  
  15  0:37  Probe  
  15  0:41  Gateway  
  16  0:49  Probe  
  17  0:52  Assimilator  
  17  0:59  Probe  
  18  1:06  Assimilator  
  18  1:07  Probe  
  18  1:15  Probe  
  19  1:20  Gateway  
  20  1:27  Probe  
  21  1:39  Cybernetics Core  
  21  1:40  Probe  
  21  1:46  Pylon  
  22  1:54  Probe  
  23  2:08  Warp Gate  
  23  2:14  Stalker x2  
  27  2:26  Stargate  
  27  2:39  Stalker x2  
  31  2:52  Pylon  
  31  3:10  Phoenix  
  33  3:14  Gateway  
  33  3:16  Stalker  
  35  3:25  Stalker  
  37  3:37  Phoenix  
  39  4:12  Pylon  
  39  4:22  Pylon  
  39  4:30  Phoenix  
  39  4:45  Stalker  
  39  4:46  Stalker x2  
  43  4:55  Phoenix  
  45  5:09  Pylon  
  45  5:12  Stalker  
  45  5:13  Stalker x2  
  51  5:39  Stalker  
  51  5:40  Stalker x2  
Show
View Real Time Build Order
Export as new Build Order

A.I. 1 (Easy) Protoss 

Build Orders:  

Get SALT Encoding   

  12  0:00  Probe  
  13  0:13  Probe  
  14  0:19  Pylon  
  14  0:25  Probe  
  15  0:34  Probe  
  15  0:40  Gateway  
  16  0:45  Assimilator  
  16  0:54  Pylon  
  16  1:17  Assimilator  
  16  1:24  Zealot  
  16  1:29  Cybernetics Core  
  18  1:58  Adept  
  18  2:01  Warp Gate  
  18  2:08  Pylon  
  20  2:17  Probe  
  21  2:29  Probe  
  22  2:38  Stalker  
  22  2:41  Probe  
  25  2:53  Probe  
  26  3:05  Probe  
  27  3:08  Stalker  
  29  3:17  Probe  
  30  3:39  Adept  
  32  4:31  Stalker  
  34  4:33  Pylon  
  28  4:46  Stalker  
  24  5:01  Probe  
  21  5:07  Stalker  
  21  5:13  Probe  
  21  5:25  Stalker, Probe  
  9  5:38  Probe  
  2  5:44  Stalker  
Tags
 
League
Diamond
Matchup
PvP
Spawn Locations
Cross Positions
Add a new tag
Caveats
  • Supply blocks, unpowered buildings, or Contaminate may cause inaccurate times.
  • Supply counts are checked every 10 seconds.